 Dungeon Crawl Stone Soup version 0.26.1-11-gd32895ea62 (webtiles) character file.

Game seed: 17532160295870888816

8153 Almogavar the Carver (level 11, -13/99 HPs)
             Began as a Minotaur Berserker on June 24, 2021.
             Was an Elder of Trog.
             Shot with a bolt by a yaktaur (18 damage)
             ... on level 10 of the Dungeon.
             The game lasted 00:20:37 (10093 turns).

Almogavar the Carver (Minotaur Berserker)          Turns: 10093, Time: 00:20:37

Health: -13/99     AC: 16    Str: 26    XL:     11   Next: 6%
Magic:  10/10      EV: 15    Int:  4    God:    Trog [****..]
Gold:   614        SH:  0    Dex:  9    Spells: 10/10 levels left

rFire    x . .     SeeInvis .   T - +3 great sword (vorpal)
rCold    + . .     Faith    .   (shield currently unavailable)
rNeg     + . .     Spirit   .   w - +1 ring mail {rN+}
rPois    .         Reflect  .   z - +2 hat
rElec    .         Harm     .   K - +0 cloak
rCorr    .         Rampage  .   (no gloves)
Will     ++...                  m - +0 pair of boots
Stlth    ..........             (no amulet)
HPRegen  1.26/turn              r - ring of ice
MPRegen  0.12/turn              H - +4 ring of protection

@: berserk cooldown, regenerating, slowed, very slow
A: retaliatory headbutt, horns 2
a: Renounce Religion, Berserk, Trog's Hand, Brothers in Arms


You were on level 10 of the Dungeon.
You worshipped Trog.
Trog was greatly pleased with you.
You visited 1 branch of the dungeon, and saw 10 of its levels.

You collected 614 gold pieces.

Inventory:

Hand Weapons
 a - a +0 falchion
 y - a +0 hunting sling
 I - a +2 whip of electrocution
 O - a +0 hand crossbow
 T - a +3 vorpal great sword (weapon)
Missiles
 c - 145 bolts
 n - 245 stones
 v - 95 sling bullets
Armour
 k - a +0 scale mail
 m - a +0 pair of boots (worn)
 p - a +0 chain mail
 u - a +2 leather armour of fire resistance
 w - a +1 ring mail of positive energy (worn)
 z - a +2 hat (worn)
 A - a cursed +0 chain mail
 K - a +0 cloak (worn)
Jewellery
 r - a ring of ice (left hand)
 H - a +4 ring of protection (right hand)
Wands
 b - a wand of random effects (13)
 G - a wand of flame (41)
 J - a wand of iceblast (15)
 L - a wand of polymorph (12)
Scrolls
 e - a scroll of summoning
 f - 8 scrolls of remove curse
 g - a scroll of fog {unknown}
 h - 5 scrolls of magic mapping
 i - a scroll of blinking
 j - 2 scrolls of enchant weapon {unknown}
 l - a scroll of enchant armour
 o - 4 scrolls of teleportation
 C - 2 scrolls of acquirement {unknown}
 F - a scroll of noise {unknown}
 M - a scroll of brand weapon {unknown}
 P - a scroll of vulnerability {unknown}
 S - a scroll of silence {unknown}
Potions
 d - a potion of resistance
 q - 3 potions of might {unknown}
 t - 2 potions of heal wounds {unknown}
 x - a potion of curing
 B - 3 potions of flight {unknown}
 D - a potion of degeneration {unknown}
 E - a potion of invisibility {unknown}
 N - 2 potions of ambrosia {unknown}
 Q - a potion of brilliance {unknown}
 R - a potion of lignification {unknown}
Miscellaneous
 s - a phial of floods


   Skills:
 + Level 9.7 Fighting
 + Level 13.2 Long Blades
 + Level 9.4 Armour
 + Level 8.7 Dodging


You had 10 spell levels left.
You didn't know any spells.
Your spell library was empty.

Dungeon Overview and Level Annotations

Branches:
Dungeon (10/15)            Temple (0/1) D:4
   Lair: D:8-11         Orc: D:9-12

Altars:
Cheibriados
Elyvilon
Kikubaaqudgha
Makhleb
Nemelex Xobeh
Qazlal
Yredelemnul
The Shining One

Shops:
D:4 (   D:5 *

Annotations:
D:8 3 runed translucent doors


Innate Abilities, Weirdness & Mutations

You reflexively headbutt those who attack you in melee.
You have a pair of horns on your head.


Message History

Trog will no longer gift you weapons.
The yaktaur shouts!
You hear a shout!
The yaktaur shoots a bolt.
The bolt hits you!!
* * * LOW HITPOINT WARNING * * *
A red film seems to cover your vision as you go berserk!
You feel yourself moving faster!
You feel mighty!
The yaktaur shoots a bolt.
The bolt hits you!
* * * LOW HITPOINT WARNING * * *
You feel a strong urge to attack something.
The yaktaur shoots a bolt.
The bolt closely misses you.
You hear a shout!
Things that are here:
a +0 dagger; a +0 robe; an orc corpse You feel your anger nearly subside.
You are no longer berserk.
You are exhausted.
You feel yourself slow down.
The ufetubus shouts!
The yaktaur shoots a bolt.
The bolt hits you!!
You die...

........####### #######.#
#.# #################.#
#...(......(......#######
#...(..).................
#....)))............#####
#...................#
#.......@...........#
#...................#
#..........c........#
#...................#
#..................[#####
#.............5..........
#........................
..<.....................
..................


You could see a yaktaur and an ufetubus.

Vanquished Creatures
  Harold (D:8)
  A two-headed ogre (D:9)
  Pikel (D:7)
  An ugly thing (D:10)
  Joseph (D:8)
  A troll (D:9)
  A wyvern (D:10)
  7 yaks
  Menkaure (D:2)
  6 orc warriors
  A water moccasin (D:7)
  A black bear (D:8)
  3 phantoms
  An ice beast (D:5)
  2 necrophages
  4 ogres
  3 centaurs
  2 big kobolds (D:9)
  A lemure (D:7)
  4 bullfrogs
  3 scorpions
  A wyvern skeleton (D:7)
  A water moccasin skeleton (D:8)
  9 wights
  3 howler monkeys
  3 centaur zombies
  A quasit (D:7)
  4 hounds
  A bullfrog skeleton (D:9)
  8 orc priests
  5 orc wizards
  Jessica (D:2)
  2 iguanas
  7 worker ants
  A hound skeleton (D:4)
  A howler monkey skeleton (D:4)
  9 adders
  7 gnolls
  5 white imps
  An ufetubus (D:7)
  An adder skeleton (D:4)
  3 worms (D:4)
  2 dart slugs
  5 leopard geckos
  39 orcs
  A bat zombie (D:2)
  8 giant cockroaches
  10 goblins
  5 hobgoblins
  5 jackals
  3 quokkas
  7 bats
  10 frilled lizards
  A jackal skeleton (D:2)
  21 kobolds
  A leopard gecko zombie (D:8)
  A quokka zombie (D:6)
  8 rats
247 creatures vanquished.

Notes
Turn   | Place    | Note
-------+----------+-------------------------------------------
     0 | D:1      | Almogavar the Minotaur Berserker began the quest for the
                  | Orb.
     0 | D:1      | Reached XP level 1. HP: 19/19 MP: 0/0
   150 | D:1      | Reached skill level 4 in Long Blades
   150 | D:1      | Reached XP level 2. HP: 20/27 MP: 1/1
   832 | D:2      | Reached XP level 3. HP: 31/33 MP: 2/2
   954 | D:2      | Found an ancient bone altar of Kikubaaqudgha.
   955 | D:2      | Found a transporter.
   960 | D:2      | Noticed Menkaure
   964 | D:2      | Noticed a necrophage
   966 | D:2      | Found a basalt altar of Yredelemnul.
   984 | D:2      | Found a transporter.
  1027 | D:2      | Noticed Jessica
  1035 | D:2      | Killed Jessica
  1102 | D:2      | Reached XP level 4. HP: 32/41 MP: 3/3
  1203 | D:2      | Reached ** piety under Trog
  1501 | D:2      | Reached skill level 5 in Long Blades
  1645 | D:2      | Killed Menkaure
  1646 | D:2      | Reached skill level 5 in Fighting
  1646 | D:2      | Reached XP level 5. HP: 20/48 MP: 4/4
  1650 | D:2      | Reached skill level 6 in Long Blades
  1655 | D:2      | Killed a necrophage
  1656 | D:2      | Reached XP level 6. HP: 23/56 MP: 5/5
  2721 | D:3      | Found a white marble altar of Elyvilon.
  2791 | D:3      | Reached skill level 7 in Long Blades
  3333 | D:4      | Reached *** piety under Trog
  3368 | D:4      | Reached XP level 7. HP: 39/62 MP: 6/6
  3795 | D:4      | Found Besiegab's Antique Weapon Boutique.
  3959 | D:4      | Found a staircase to the Ecumenical Temple.
  4086 | D:5      | Entered Level 5 of the Dungeon
  4107 | D:5      | Reached skill level 8 in Long Blades
  4362 | D:5      | Found Boumuq's Assorted Antiques.
  4563 | D:5      | Found a stormy altar of Qazlal.
  4607 | D:5      | Found a glowing golden altar of the Shining One.
  4894 | D:6      | Reached XP level 8. HP: 61/71 MP: 7/7
  5165 | D:6      | Reached skill level 9 in Long Blades
  5201 | D:6      | Reached skill level 5 in Armour
  5208 | D:6      | Reached skill level 5 in Dodging
  5474 | D:6      | Found a burning altar of Makhleb.
  5481 | D:6      | Found a snail-covered altar of Cheibriados.
  5874 | D:7      | Reached **** piety under Trog
  5893 | D:7      | Reached skill level 10 in Long Blades
  5908 | D:7      | Reached XP level 9. HP: 36/79 MP: 8/8
  6799 | D:7      | Noticed Pikel
  6813 | D:7      | Killed Pikel
  6814 | D:7      | Reached skill level 11 in Long Blades
  7593 | D:7      | Found a basalt altar of Yredelemnul.
  7720 | D:8      | Noticed Harold
  7748 | D:8      | Killed Harold
  7749 | D:8      | Reached XP level 10. HP: 90/90 MP: 9/9
  8256 | D:8      | Noticed Joseph
  8277 | D:8      | Killed Joseph
  8278 | D:8      | Reached skill level 12 in Long Blades
  8636 | D:8      | Found a runed translucent gate.
  8637 | D:8      | Found a runed translucent gate.
  8637 | D:8      | Found a runed translucent gate.
  8637 | D:8      | Noticed a brown ugly thing
  8637 | D:8      | Noticed a red ugly thing
  8637 | D:8      | Noticed a cyan ugly thing
  8637 | D:8      | Noticed a cyan ugly thing
  8638 | D:8      | Noticed a red ugly thing
  8957 | D:9      | Reached ***** piety under Trog
  9325 | D:9      | Found a sparkling altar of Nemelex Xobeh.
  9581 | D:9      | Noticed a two-headed ogre
  9586 | D:9      | Killed a two-headed ogre
  9780 | D:9      | Reached skill level 13 in Long Blades
  9791 | D:10     | Entered Level 10 of the Dungeon
  9979 | D:10     | Received a gift from Trog
 10023 | D:10     | Noticed a purple ugly thing
 10032 | D:10     | Noticed a deep elf mage
 10032 | D:10     | Noticed a skeletal warrior
 10034 | D:10     | Killed a purple ugly thing
 10034 | D:10     | Noticed a two-headed ogre
 10035 | D:10     | Reached XP level 11. HP: 41/99 MP: 10/10
 10049 | D:10     | HP: 1/99 [ogre/+0 giant club (14)]
 10089 | D:10     | HP: 3/148 [yaktaur/bolt (13)]
 10093 | D:10     | Shot with a bolt by a yaktaur

Illustrated notes

Levels and vault maps discovered:
D:1:      minmay_arrival_glassed_features, layout_basic
D:2:      layout_loops_ring, gammafunk_temple_of_torment, uniq_jessica
D:3:      layout_basic, elyvilon_altar_4, serial_bayou_pond_a,
          serial_bayou_pond_e, corexii_leaking_fountain,
          chequers_serial_rivers_small_3
D:4:      layout_rooms, lemuel_temple_firewalk_a, serial_shops, shop_statue
D:5:      layout_basic, kennysheep_mini, serial_shops, shop,
          nicolae_tso_swordbearing_angel
D:6:      layout_basic, amethyst_overflow_temple_binary
D:7:      minmay_cornered_nines, layout_gridville, basic_altar, uniq_pikel
D:8:      layout_basic, ploomutoo_gammafunk_ghost_potion_laboratory,
          uniq_harold, uniq_joseph
D:9:      layout_long_grid, kennysheep_little_box
D:10:     minmay_the_grid_square_5x5_4x4 [minmay_the_grid_square_5x5_inner_z,
          minmay_the_grid_square_5x5_three, minmay_the_grid_square_5x5_seven,
          minmay_the_grid_square_5x5_tetrominoes,
          minmay_the_grid_square_5x5_spiral_small,
          minmay_the_grid_square_5x5_prize_deathbox,
          minmay_the_grid_square_5x5_prize_monsterx,
          minmay_the_grid_square_5x5_gyroscope,
          minmay_the_grid_square_5x5_inner_v,
          minmay_the_grid_square_5x5_prize_pseudospiral,
          minmay_the_grid_square_5x5_prize_open, minmay_the_grid_square_5x5_tie,
          minmay_the_grid_square_5x5_tri_point,
          minmay_the_grid_square_5x5_shrine1,
          minmay_the_grid_square_5x5_misaligned,
          minmay_the_grid_square_5x5_comb], layout_long_grid

Skill      XL: |  1  2  3  4  5  6  7  8  9 10 |
---------------+-------------------------------+-----
Long Blades    | 4 5 6 7 8 10 11 13 | 13.2
Fighting       | 4 5 6 7 8 9 |  9.7
Dodging        | 3 4 5 7 8 |  8.7
Armour         | 3 4 6 8 9 |  9.4

Action                   |  1- 3 |  4- 6 |  7- 9 | 10-12 || total
-------------------------+-------+-------+-------+-------++-------
Melee: Falchion          |    47 |   123 |   324 |   202 ||   696
       Headbutt          |     8 |    26 |    85 |    56 ||   175
       Great sword       |       |       |       |    20 ||    20
Invok: Trog's Hand       |       |     1 |     2 |     2 ||     5
       Berserk           |       |     1 |     5 |     1 ||     7
  Use: Scroll            |     2 |     1 |     6 |     1 ||    10
       Potion            |       |       |       |     1 ||     1
Armor: Animal skin       |    11 |     1 |       |       ||    12
       Leather armour    |       |    25 |     3 |       ||    28
       Ring mail         |       |       |    88 |    78 ||   166
Dodge: Dodged            |    35 |    86 |   203 |   144 ||   468
       Rpst.: Falchion   |    11 |    23 |    49 |    36 ||   119
       Great sword       |       |       |       |     3 ||     3
